 Dungeon Crawl Stone Soup version 0.29-a0-96-g93358da72b (webtiles) character file.

Game seed: 3640546762743989314

251 drugrobin the Poker (level 5, -6/44 HPs)
             Began as a Demigod Warper on Feb 10, 2022.
             Engulfed by a steam dragon's steam (13 damage)
             ... on level 3 of the Dungeon.
             The game lasted 00:11:09 (5430 turns).

drugrobin the Poker (Demigod Warper)                Turns: 5430, Time: 00:11:09

Health: -6/44      AC:  3    Str: 16    XL:     5   Next: 57%
Magic:  5/10       EV: 11    Int: 15    God:
Gold:   97         SH:  0    Dex: 13    Spells: 2/7 levels left

rFire   . . .      SeeInvis .   b - +0 hunting sling
rCold   + . .      Faith    .   (no shield)
rNeg    . . .      Spirit   .   k - +0 leather armour
rPois   .          Reflect  .   (no helmet)
rElec   .          Harm     .   (no cloak)
rCorr   .          Rampage  .   (no gloves)
Will    .....                   (no boots)
Stlth   +.........              (no amulet)
HPRegen 0.14/turn               e - ring of protection from cold
MPRegen 0.12/turn               (no ring)

@: no status effects
A: high MP 1, forlorn, divine attributes
a: no special abilities


You were on level 3 of the Dungeon.
You visited 1 branch of the dungeon, and saw 4 of its levels.

You collected 157 gold pieces.
You spent 60 gold pieces at shops.

Inventory:

Hand Weapons
 a - a +0 spear
 b - a +0 hunting sling (weapon)
Missiles
 d - 5 boomerangs of dispersal
 f - 4 datura-tipped darts
 g - 6 sling bullets (quivered ammo)
 i - 5 poisoned darts
 l - 61 stones
Armour
 k - a +0 leather armour (worn)
Jewellery
 e - a ring of protection from cold (left hand)
 n - an amulet of the acrobat
Scrolls
 c - a scroll of blinking
 h - a scroll of magic mapping {unknown}
 j - 2 scrolls of noise {unknown}
Potions
 m - a potion of flight


   Skills:
 + Level 2.8 Fighting
 * Level 5.2 Polearms
 - Level 0.8 Throwing
 - Level 0.8 Armour
 - Level 1.7 Dodging
 - Level 1.7 Spellcasting
 - Level 2.6 Translocations


You had 2 spell levels left.
You knew the following spells:

 Your Spells              Type           Power      Damage    Failure   Level
a - Blink                 Tloc           18%        N/A       14%         2
b - Teleport Other        Tloc           9%         N/A       28%         3

Your spell library contained the following spells:

 Spells                   Type           Power      Damage    Failure   Level
 Gell's Gravitas          Tloc           9%         N/A       28%         3
 Lesser Beckoning         Tloc           9%         N/A       28%         3
 Manifold Assault         Tloc           9%         N/A       95%         5


Dungeon Overview and Level Annotations

Branches:
Dungeon (4/15)             Temple (0/1) D:4

Shops:
D:1 !


Innate Abilities, Weirdness & Mutations

You have an increased reservoir of magic. (+10% MP)
You shall have no god before yourself.
Your divine heritage dramatically boosts your attributes as you level up.


Message History

You start resting.
HP restored.
b - a +0 hunting sling (weapon)
You climb downwards.
There is a stone staircase leading up, spattered with blood here.
Unknown command.
Unknown command.
Unknown command.
Cast which spell? (? or * to list)
The spell is quite dangerous to miscast (28% risk of failure)!
Continue anyway?
Aiming: Teleport Other (quite dangerous; 28% risk of failure)
Press: ? - help, Shift-Dir - straight line, f - steam dragon
Aim: a steam dragon (wandering, hasn't noticed you, chance to affect: 47%)
You miscast Teleport Other.
You are very lightly contaminated with residual magic.
Nothing appears to happen.
There is a stone staircase leading up, spattered with blood here.
Casting: Teleport Other (quite dangerous; 28% risk of failure)
Confirm with . or Enter, or press ? or * to list all spells.
The spell is quite dangerous to miscast (28% risk of failure)!
Continue anyway?
Aiming: Teleport Other (quite dangerous; 28% risk of failure)
Press: ? - help, Shift-Dir - straight line, f/p - steam dragon
Aim: a steam dragon (chance to affect: 47%)
The steam dragon resists with some effort.
The steam dragon breathes steam at you. The ball of steam hits you!
You climb upwards.
There is a stone staircase leading down here.
Unknown command.
You see here a +0 club.
Your magical contamination has completely faded away.
The steam dragon breathes steam at you. The ball of steam hits you!
You are engulfed in a cloud of scalding steam.
* * * LOW HITPOINT WARNING * * *
Unknown command.
The steam dragon breathes steam at you. The ball of steam misses you.
You are engulfed in a cloud of scalding steam.
You die...

..........##.........##....#
..........#..........###...#
##..........#..............#
....##...............###...#
....#####...#...#.##.# #...#
....###.....§..§§....###...#
....##..###..D§§§§......####
...†##.## #.####§§§.....#
....##.# ##.####@§.§.####
...†##.# #...)>......#
.......###..####.....######
......###...###...........##
....#.......##.............##
#####.......#..)............#
#####.......#...>......(....#
............#...............#
#...........#.............<.#


There were no monsters in sight!

Vanquished Creatures
  2 hounds
  An orc wizard (D:3)
  A killer bee zombie (D:4)
  6 adders
  An ufetubus (D:4)
  2 worms
  2 dart slugs
  6 orcs
  4 bats
  7 endoplasms
  4 giant cockroaches (D:1)
  6 goblins
  4 hobgoblins
  3 jackals (D:1)
  8 kobolds
  2 quokkas (D:2)
  3 ball pythons
  3 frilled lizards
  12 rats
77 creatures vanquished.

Notes
Turn   | Place    | Note
-------+----------+-------------------------------------------
     0 | D:1      | drugrobin the Demigod Warper began the quest for the Orb.
     0 | D:1      | Reached XP level 1. HP: 17/17 MP: 5/5
     1 | D:1      | Found a runed translucent door.
    52 | D:1      | Reached skill level 2 in Polearms
   418 | D:1      | Reached XP level 2. HP: 15/24 MP: 7/7
   741 | D:1      | Found Futinus's Distillery.
   749 | D:1      | Bought a potion of heal wounds for 60 gold pieces
   771 | D:1      | Reached skill level 3 in Polearms
  1305 | D:1      | Reached XP level 3. HP: 16/29 MP: 8/8
  2201 | D:2      | Learned a level 2 spell: Blink
  2205 | D:2      | Learned a level 3 spell: Teleport Other
  2345 | D:2      | Reached skill level 4 in Polearms
  2797 | D:3      | Reached XP level 4. HP: 11/36 MP: 9/9
  4145 | D:4      | Noticed a steam dragon
  4245 | D:4      | Reached XP level 5. HP: 37/42 MP: 10/10
  4320 | D:4      | Found a staircase to the Ecumenical Temple.
  4825 | D:3      | Reached skill level 5 in Polearms
  5430 | D:3      | Engulfed by a steam dragon's steam

Illustrated notes

Levels and vault maps discovered:
D:1:      dpeg_arrival_caged_fury, layout_basic,
          ebering_ecumenical_altar_petrified, serial_shops, shop, minivault_26
D:2:      layout_basic, basic_altar
D:3:      layout_rooms
D:4:      minmay_bubble_buster, layout_rooms, mainiacjoe_overflow_divided_tiny,
          minmay_temple_entry_slanted, nicolae_elemental_shop, minivault_26

Skill      XL: |  1  2  3  4  5 |
---------------+----------------+-----
Polearms       | 2 3 4 5 |  5.2
Fighting       | 2 |  2.8
Throwing       | |  0.8
Armour         | |  0.8
Dodging        | |  1.7
Spellcasting   | |  1.7
Translocations | |  2.6

Action                   |  1- 3 |  4- 6 || total
-------------------------+-------+-------++-------
Melee: Spear             |   216 |   168 ||   384
       Punch             |     1 |     1 ||     2
 Fire: Hunting sling     |       |     1 ||     1
Throw: Stone             |    20 |    19 ||    39
       Dart              |       |    17 ||    17
 Cast: Teleport Other    |       |     1 ||     1
  Use: Scroll            |     1 |     3 ||     4
       Potion            |     1 |     3 ||     4
Armor: Leather armour    |    41 |    28 ||    69
Dodge: Dodged            |    89 |    73 ||   162

Table legend: (Time is in decaauts)
 A = Elapsed time spent in this place.
 B = Non-inter-level travel time spent in this place.
 C = Inter-level travel time spent in this place.
 D = Time resting spent in this place.
 E = Time spent auto-exploring this place.
 F = Levels seen in this place.
 G = Mean time per level.
                   A        B        C        D        E       F      G
               +--------+--------+--------+--------+--------+-----+--------+
         Total |   5401 |   5268 |    133 |   2167 |   2095 |   4 | 1350.2 |
       Dungeon |   5401 |   5268 |    133 |   2167 |   2095 |   4 | 1350.2 |
               +--------+--------+--------+--------+--------+-----+--------+

Top non-repeatable levels by time:
     D:3: 1771 daAuts
     D:2: 1635 daAuts
     D:1: 1440 daAuts
     D:4: 553 daAuts
